 Dungeon Crawl Stone Soup version 0.30-a0-381-g6ea064c7b4 (webtiles) character file.

Game seed: 5519965939040555358

42239 PyroL the Black Sun (level 13, -3/91 HPs)
             Began as a Demonspawn Necromancer on Dec 2, 2022.
             Was a High Priest of Kikubaaqudgha.
             Killed from afar by a fire dragon (32 damage)
             ... with a blast of flame
             ... on level 5 of the Lair of Beasts.
             The game lasted 00:45:23 (18058 turns).

PyroL the Black Sun (Demonspawn Necromancer)       Turns: 18058, Time: 00:45:23

Health: -3/91      AC: 27    Str: 10    XL:     13   Next: 84%
Magic:  35/35      EV:  9    Int: 21    God:    Kikubaaqudgha [*****.]
Gold:   1248       SH:  0    Dex: 13    Spells: 7/31 levels left

rFire   . . .      SeeInvis .    G - +12 quarterstaff of Ambiguity {venom, Drain rElec rC++ rN+}
rCold   + + .      Faith    .    (shield currently unavailable)
rNeg    + + .      Spirit   .    Q - +0 pearl dragon scales
rPois   .          Reflect  .    s - +2 helmet
rElec   +          Harm     .    d - scarf {repulsion}
rCorr   .          Rampage  .    (gloves unavailable)
Will    +....                    i - +0 pair of boots
Stlth   ..........               U - amulet of Vitality {RegenMP++ Regen++}
HPRegen 1.95/turn                f - ring of magical power
MPRegen 1.04/turn                J - ring of willpower

@: sanguine armoured, repel missiles, very slow
A: claws 3, foul stench 2, icemail 1, sanguine armour 1, condensation shield,
corrupting presence 1
a: Renounce Religion, Unearth Wretches, Torment


You were on level 5 of the Lair of Beasts.
You worshipped Kikubaaqudgha.
Kikubaaqudgha was extremely pleased with you.
You visited 3 branches of the dungeon, and saw 17 of its levels.
You also visited: Bailey.

You collected 1248 gold pieces.

Inventory:

Hand Weapons
 G - the +12 quarterstaff of Ambiguity (weapon) {venom, Drain rElec rC++ rN+}
   (You found it on level 7 of the Dungeon)

   It poisons the flesh of those it strikes.
   rC:        It greatly protects you from cold.
   rElec:     It insulates you from electricity.
   rN:        It protects you from negative energy.
   Drain:     It drains your maximum health when unequipped.
Missiles
 M - 2 throwing nets
Armour
 d - a scarf of repulsion (worn)
 i - a +0 pair of boots (worn)
 s - a +2 helmet (worn)
 w - a +2 pair of gloves
 K - the +1 robe of Ucsen {rF+ Int+4}
   (You found it on level 10 of the Dungeon)

   Int:       It affects your intelligence (+4).
   rF:        It protects you from fire.
 Q - +0 pearl dragon scales (worn)
Magical Staves
 y - a staff of death
Jewellery
 f - a ring of magical power (left claw)
 t - a ring of flight
 B - a ring of poison resistance
 F - an amulet of the acrobat
 J - a ring of willpower (right claw)
 N - a +6 ring of strength
 S - a ring of resist corrosion
 U - the amulet of Vitality (around neck) {RegenMP++ Regen++}
   (You found it on level 11 of the Dungeon)

   [amulet of magic regeneration]

   It increases your rate of magic regeneration.
   Regen:     It increases your rate of health regeneration.
Wands
 j - a wand of mindburst (17)
 H - a wand of roots (16)
 L - a wand of paralysis (2)
 P - a wand of flame (8)
 T - a wand of digging (10)
 V - a wand of light (5)
 W - a wand of polymorph (5)
Scrolls
 c - a scroll of amnesia {unknown}
 e - 4 scrolls of poison
 g - 2 scrolls of enchant weapon {unknown}
 h - 4 scrolls of butterflies
 n - 6 scrolls of magic mapping
 q - 2 scrolls of summoning {unknown}
 r - 4 scrolls of teleportation {unknown}
 u - 2 scrolls of enchant armour
 v - 4 scrolls of fear {unknown}
 A - a scroll of silence {unknown}
 C - a scroll of brand weapon
 E - 2 scrolls of blinking {unknown}
 I - 2 scrolls of immolation {unknown}
 X - a scroll of vulnerability {unknown}
Potions
 a - 3 potions of mutation
 b - a potion of magic
 k - 10 potions of heal wounds
 l - 6 potions of curing
 m - a potion of lignification
 o - 3 potions of resistance
 p - 4 potions of attraction
 x - 8 potions of brilliance
 z - 3 potions of cancellation {unknown}
 D - a potion of invisibility {unknown}
 O - a potion of haste {unknown}
 R - a potion of flight {unknown}
 Y - a potion of ambrosia {unknown}
 Z - a potion of might {unknown}


   Skills:
 - Level 5.0 Fighting
 - Level 13.0 Armour
 - Level 1.7 Dodging
 - Level 1.7 Stealth
 - Level 9.7 Spellcasting
 + Level 15.4 Necromancy
 - Level 6.2 Ice Magic
 - Level 5.0 Earth Magic


You had 7 spell levels left.
You knew the following spells:

 Your Spells              Type           Power      Damage    Failure   Level
a - Necrotise             Necr           100%       1d9       1%          1
b - Vampiric Draining     Necr           66%        2d10      1%          3
c - Animate Dead          Necr           66%        N/A       1%          4
d - Hailstorm             Conj/Ice       23%        3d7       30%         3
e - Anguish               Hex/Necr       21%        N/A       16%         4
f - Dispel Undead         Necr           66%        3d23      1%          4
g - Borgnjor's Vile Clut  Necr/Erth      26%        N/A       16%         5

Your spell library contained the following spells:

 Spells                   Type           Power      Damage    Failure   Level
 Sublimation of Blood     Necr           66%        N/A       1%          2
 Agony                    Necr           66%        N/A       1%          5
 Freeze                   Ice            100%       1d10      2%          1
 Cigotuvi's Dreadful Rot  Necr/Pois/Air  62%        N/A       7%          2
 Frozen Ramparts          Ice            72%        1d11      9%          3
 Apportation              Tloc           20%        N/A       36%         1
 Magic Dart               Conj           40%        1d5       36%         1
 Summon Small Mammal      Summ           40%        N/A       36%         1
 Poisonous Vapours        Pois/Air       20%        N/A       50%         2
 Searing Ray              Conj           20%        2d5       50%         2
 Wereblood                Tmut           10%        N/A       50%         2
 Simulacrum               Ice/Necr       27%        N/A       54%         6
 Ice Form                 Ice/Tmut       23%        N/A       71%         4
 Summon Ice Beast         Ice/Summ       23%        N/A       71%         4
 Mephitic Cloud           Conj/Pois/Air  10%        N/A       73%         3
 Fulminant Prism          Conj/Hex       5%         3d7       98%         4
 Summon Mana Viper        Hex/Summ       10%        N/A       100%        5
 Monstrous Menagerie      Summ           5%         N/A       100%        7
 Summon Hydra             Summ           5%         N/A       100%        7


Dungeon Overview and Level Annotations

Branches:
Dungeon (11/15)            Temple (1/1) D:7            Lair (5/5) D:10
 Shoals (0/4) Lair:2       Spider (0/4) Lair:2        Slime (0/5) Lair:4
    Orc (0/2) D:9          Bailey (visited)

Altars:
Ashenzari
Cheibriados
Dithmenos
Fedhas
Gozag
Hepliaklqana
Kikubaaqudgha
Makhleb
Nemelex Xobeh
Okawaru
Qazlal
Ru
Sif Muna
Trog
Uskayaw
Vehumet
Wu Jian
Xom
Yredelemnul
Jiyva

Shops:
D:2 [   D:4 !

Annotations:
D:8 1 runed translucent door, avis's ghost, novice HOMo


Innate Abilities, Weirdness & Mutations

You have claws for hands.
You sometimes emit foul miasma when damaged in melee.
A meltable icy envelope protects you from harm. (AC +0)
When seriously injured, your blood forms armour. (AC +6)
A meltable shield of frost defends you. (SH +0)
Your presence sometimes corrodes those you injure.


Message History

The swamp drake bites you but does no damage.
Your cane toad zombie misses the swamp drake.
Your yak zombie gores the swamp drake!
Your yak zombie gores the swamp drake.
Your cane toad zombie hits the swamp drake!
The swamp drake bites your cane toad zombie!
You swap places.
You feel very sick.
The swamp drake bites your cane toad zombie!
Your cane toad zombie closely misses the swamp drake.
Your yak zombie misses the swamp drake.
Your yak zombie barely misses the swamp drake.
Your torpor snail zombie bites the swamp drake!
The swamp drake dies!
Kikubaaqudgha accepts your kill.
You enter the shallow water.
Moving in this stuff is going to be slow.
You feel sick.
You feel very sick. The fire dragon breathes flames at you.
The blast of flame hits your yak zombie!!! x2
Your yak zombie is destroyed!
Your cane toad zombie hits the fire dragon.
The fire dragon bites your yak zombie!
Your yak zombie is destroyed!
You feel sick.
You swap places.
You feel sick.
Something barely misses your cane toad zombie.
Something claws your cane toad zombie.
Something tramples your cane toad zombie but does no damage.
You feel sick.
You are no longer poisoned.
Something bites your cane toad zombie!
Your cane toad zombie is destroyed!
You enter the shallow water.
Moving in this stuff is going to be slow.
The fire dragon breathes flames at you.
The blast of flame hits your torpor snail zombie!!!
The blast of flame hits you!!
You die...
Kikubaaqudgha rasps: "You have failed me!
Welcome... death!"

......#.......~~≈~♣...P.♣♣
......#.......~♣.~†[♣♣...♣♣♣
Z...Z.......♣♣♣♣♣♣≈ZZ♣..♣..♣♣
##P..#.P...#♣♣♣♣..♣♣~..P....♣♣
#####P###.#♣.....♣♣♣≈~~♣†≈..♣
### ###♣♣..♣♣♣.♣≈.~~≈...♣
♣.♣....≈♣.♣♣♣~~P.♣ ♣♣♣...≈~.♣♣
~.... ♣♣♣†@.≈~.♣♣ ~.~.
♣♣..§♣.~♣♣♣ ~≈. ♣P~Z§♣♣♣♣ ♣ [
≈≈ ♣~≈Z♣♣ ♣♣.♣$. ~
♣Z≈≈♣♣♣.§D... ♣.ZD..Z.≈~~.≈
♣..~[~.≈≈.≈≈≈ ♣....~≈≈≈≈≈≈~
♣♣...~≈≈≈≈≈~.


You could see a friendly basilisk zombie, a friendly yak zombie and a friendly
torpor snail zombie.

Vanquished Creatures
  Gastronok (Lair:3)
  Josephine (Lair:5)
  2 vault guards (Bailey)
  4 boulder beetles
  A two-headed ogre (D:10)
  3 death yaks (Lair:4)
  Urug (D:11)
  A deep troll (D:11)
  An oklob plant (Lair:4)
  A cyclops (D:11)
  5 elephants
  14 cane toads
  A rime drake (Lair:5)
  3 kobold demonologists
  2 ice devils (D:10)
  9 komodo dragons
  6 trolls
  2 polar bears
  Prince Ribbit (Bailey)
  2 hornets
  5 blink frogs
  A jumping spider (Lair:2)
  21 yaks
  2 wyverns
  5 wraiths
  5 humans (Bailey)
  2 vampire mosquitoes (D:10)
  2 redbacks (Lair:2)
  4 basilisks
  12 water moccasins
  An ice beast (D:8)
  3 black bears
  2 orc warriors
  7 wolves
  4 centaurs
  2 phantoms
  5 kobold brigands
  Blork the orc (D:6)
  A gnoll sergeant (D:8)
  15 bullfrogs
  3 necrophages
  4 scorpions
  4 wights (D:8)
  2 electric eels (Lair:2)
  8 hounds
  5 orc priests
  A gnoll bouda (D:7)
  2 iguanas (Lair:5)
  Natasha (thrice) (D:2)
  8 orc wizards
  8 gnolls
  4 adders
  A white imp (D:7)
  An ufetubus (D:6)
  A worm (D:5)
  A dart slug (D:2)
  21 orcs
  4 ball pythons
  6 endoplasms
  7 giant cockroaches
  8 goblins
  4 hobgoblins
  5 quokkas
  4 bats
  4 frilled lizards (D:2)
  23 kobolds
  11 rats
314 creatures vanquished.

Vanquished Creatures (collateral kills)
  A swamp dragon (Lair:5)
  3 elephants (Lair:2)
  A torpor snail (Lair:5)
  A komodo dragon (Lair:5)
  A rime drake (Lair:5)
  6 blink frogs (Lair:5)
  3 wraiths
  4 yaks
  A basilisk (Lair:5)
  2 acid dragons (Lair:5)
  A water moccasin (Lair:5)
  An orc warrior (D:11)
  2 swamp drakes (Lair:5)
  2 wolves (Lair:5)
  A kobold brigand (D:9)
  2 bullfrogs
  2 iguanas (Lair:5)
  2 gnolls (D:8)
  An orc (D:9)
  An endoplasm (D:1)
  A kobold (D:9)
  A butterfly (Lair:1)
40 creatures vanquished.

Vanquished Creatures (others)
  A hydra (Lair:3)
  A deep troll (D:11)
  An elephant (Lair:2)
  A cane toad (Lair:3)
  A komodo dragon (Lair:5)
  2 blink frogs (Lair:5)
  A boulder beetle zombie (D:11)
  3 yaks
  A steam dragon (Lair:5)
  A cane toad zombie (Lair:5)
  2 blink frog zombies (Lair:5)
  2 komodo dragon zombies (Lair:5)
  8 yak zombies
  4 human zombies (Bailey)
  4 orc zombies
  7 gnoll zombies
  3 kobold zombies (D:10)
  24 fungi
  60 plants
  2 withered plants (D:8)
129 creatures vanquished.

Grand Total: 483 creatures vanquished

Notes
Turn   | Place    | Note
-------+----------+-------------------------------------------
     0 | D:1      | PyroL the Demonspawn Necromancer began the quest for the
                  | Orb.
     0 | D:1      | Reached XP level 1. HP: 13/13 MP: 3/3
   195 | D:1      | Gained mutation: A meltable shield of frost defends you.
                  | (SH +0) [demonic ancestry]
   195 | D:1      | Reached XP level 2. HP: 19/19 MP: 3/5
   906 | D:2      | Noticed Natasha
   915 | D:2      | Killed Natasha
   916 | D:2      | Reached skill level 5 in Necromancy
   916 | D:2      | Reached XP level 3. HP: 9/24 MP: 7/7
   920 | D:2      | Learned a level 3 spell: Vampiric Draining
   972 | D:2      | Found Nucamum's Antique Armour Boutique.
   999 | D:2      | Gained mutation: You may rarely emit foul miasma when
                  | damaged in melee. [demonic ancestry]
   999 | D:2      | Reached XP level 4. HP: 16/30 MP: 8/8
  1117 | D:2      | Noticed Natasha
  1126 | D:2      | Killed Natasha
  1178 | D:2      | Found a shimmering altar of Xom.
  1373 | D:2      | Noticed Natasha
  1379 | D:2      | Killed Natasha
  1380 | D:2      | Reached XP level 5. HP: 34/35 MP: 10/10
  1385 | D:2      | Learned a level 4 spell: Animate Dead
  1911 | D:3      | Reached skill level 1 in Fighting
  1928 | D:3      | Reached skill level 6 in Necromancy
  2834 | D:4      | Gained mutation: When seriously injured, your blood forms
                  | armour. (AC +6) [demonic ancestry]
  2834 | D:4      | Reached XP level 6. HP: 15/43 MP: 11/11
  3175 | D:4      | Found a burning altar of Makhleb.
  3429 | D:4      | Found Jiulux's Distillery.
  3521 | D:5      | Entered Level 5 of the Dungeon
  3718 | D:5      | Gained mutation: You have sharp fingernails. [demonic
                  | ancestry]
  3718 | D:5      | Reached XP level 7. HP: 28/55 MP: 12/12
  3921 | D:4      | Reached skill level 7 in Necromancy
  3987 | D:4      | Reached skill level 5 in Fighting
  4299 | D:5      | Reached skill level 8 in Necromancy
  4688 | D:5      | Gained mutation: A meltable icy envelope protects you from
                  | harm. (AC +0) [demonic ancestry]
  4688 | D:5      | Reached XP level 8. HP: 57/62 MP: 13/13
  4784 | D:5      | Reached skill level 1 in Ice Magic
  4921 | D:6      | Found a bloodstained altar of Trog.
  5381 | D:6      | Noticed Blork the orc
  5401 | D:6      | Killed Blork the orc
  5754 | D:7      | Reached skill level 5 in Spellcasting
  5971 | D:7      | Gained mutation: You sometimes emit foul miasma when
                  | damaged in melee. [demonic ancestry]
  5971 | D:7      | Reached XP level 9. HP: 17/68 MP: 14/18
  6273 | D:7      | Identified the +12 quarterstaff of Ambiguity {venom, Drain
                  | rElec rC++ rN+}
  6667 | D:7      | Found a staircase to the Ecumenical Temple.
  6708 | Temple   | Entered the Ecumenical Temple
  6720 | Temple   | Became a worshipper of Kikubaaqudgha
  7028 | D:8      | Reached skill level 5 in Ice Magic
  7029 | D:8      | Reached skill level 9 in Necromancy
  7276 | D:8      | Found a runed translucent door.
  7277 | D:8      | Noticed avis's ghost (novice HOMo)
  7333 | D:8      | Noticed a troll
  7361 | D:8      | Killed a troll
  7362 | D:8      | Reached skill level 10 in Necromancy
  7758 | D:8      | Found an opulent altar of Gozag.
  8186 | D:9      | Gained mutation: You have very sharp fingernails. [demonic
                  | ancestry]
  8186 | D:9      | Reached XP level 10. HP: 66/74 MP: 22/22
  8221 | D:9      | Paralysed by a hornet for 1 turns
  8535 | D:9      | Found a staircase to the Orcish Mines.
  8622 | D:10     | Entered Level 10 of the Dungeon
  8622 | D:10     | Noticed a two-headed ogre
  8622 | D:10     | Found a flagged portal.
  8629 | D:10     | Killed a two-headed ogre
  8630 | D:10     | Reached skill level 11 in Necromancy
  8728 | D:10     | Identified the +1 robe of Ucsen {rF+ Int+4}
  8747 | Bailey   | Entered a bailey
  8912 | Bailey   | Reached * piety under Kikubaaqudgha
  8912 | Bailey   | Received a gift from Kikubaaqudgha
  8936 | Bailey   | Learned a level 3 spell: Hailstorm
  9440 | Bailey   | Noticed Prince Ribbit
  9440 | Bailey   | Noticed a vault guard
  9452 | Bailey   | Killed Prince Ribbit
  9453 | Bailey   | Reached skill level 12 in Necromancy
  9471 | Bailey   | Killed a vault guard
  9542 | Bailey   | Noticed a vault guard
  9611 | Bailey   | Killed a vault guard
  9941 | D:10     | Gained mutation: Your presence sometimes corrodes those you
                  | injure. [demonic ancestry]
  9941 | D:10     | Reached XP level 11. HP: 71/79 MP: 24/24
 10398 | D:10     | Reached ** piety under Kikubaaqudgha
 10421 | D:10     | Found a staircase to the Lair.
 10631 | D:10     | Reached skill level 13 in Necromancy
 11371 | D:11     | Noticed a deep troll
 11439 | D:10     | Reached skill level 1 in Armour
 11449 | D:10     | Noticed a sixfirhy
 11455 | D:10     | Noticed a sun demon
 12387 | D:11     | Noticed a boulder beetle
 12392 | D:11     | Reached *** piety under Kikubaaqudgha
 12392 | D:11     | Received a gift from Kikubaaqudgha
 12398 | D:11     | Killed a boulder beetle
 12398 | D:11     | Noticed a deep troll
 12399 | D:11     | Reached skill level 14 in Necromancy
 12405 | D:11     | Learned a level 4 spell: Anguish
 12408 | D:11     | Killed a deep troll
 12503 | D:11     | Found the amulet of Vitality {RegenMP++ Regen++}
 12624 | D:11     | Learned a level 4 spell: Dispel Undead
 12630 | D:11     | Learned a level 5 spell: Borgnjor's Vile Clutch
 12641 | D:11     | Noticed a deep troll
 12641 | D:11     | Noticed Urug
 12648 | D:11     | Killed Urug
 12649 | D:11     | Reached skill level 5 in Armour
 12659 | D:11     | Killed a deep troll
 12902 | Lair:1   | Entered Level 1 of the Lair of Beasts
 12951 | Lair:1   | Gained mutation: You have claws for hands. [demonic
                  | ancestry]
 12951 | Lair:1   | Reached XP level 12. HP: 53/86 MP: 25/25
 13774 | Lair:2   | Found a staircase to the Shoals.
 13809 | Lair:2   | Found a hole to the Spider Nest.
 14703 | Lair:2   | Noticed a boulder beetle
 14712 | Lair:2   | Killed a boulder beetle
 15164 | Lair:3   | Reached skill level 1 in Earth Magic
 15170 | Lair:3   | Reached **** piety under Kikubaaqudgha
 15206 | Lair:3   | Noticed Gastronok
 15221 | Lair:3   | Killed Gastronok
 15222 | Lair:3   | Reached skill level 10 in Armour
 15372 | Lair:3   | Noticed an eight-headed hydra
 15380 | Lair:3   | Killed an eight-headed hydra
 16037 | Lair:4   | Reached XP level 13. HP: 90/91 MP: 26/26
 16262 | Lair:4   | Found a viscous altar of Jiyva.
 16263 | Lair:4   | Found a staircase to the Slime Pits.
 16509 | Lair:5   | Entered Level 5 of the Lair of Beasts
 16547 | Lair:4   | Reached skill level 5 in Earth Magic
 17440 | Lair:5   | Noticed Josephine
 17455 | Lair:5   | Killed Josephine
 17791 | Lair:5   | Reached ***** piety under Kikubaaqudgha
 17819 | Lair:5   | Reached skill level 15 in Necromancy
 18049 | Lair:5   | Noticed a fire dragon
 18058 | Lair:5   | Killed from afar by a fire dragon

Illustrated notes

Levels and vault maps discovered:
D:1:      co_arrival_random_square_maze, layout_rooms, minmay_misc_feat_roman,
          minmay_rat_gold_closets
D:2:      layout_rooms, basic_altar, serial_shops, shop, hex_tiny,
          minmay_misc_feat_secret_circle, st_stairs_3, uniq_natasha
D:3:      wander_river, layout_basic
D:4:      layout_basic, makhleb_blood_cavern_becter, serial_shops, shop
D:5:      layout_loops_ring, tso_altar
D:6:      layout_gridville, bloody_trog, uniq_blork_the_orc
D:7:      layout_cave_pods, minmay_temple_entry_drinking_statues
D:8:      layout_basic, kennysheep_mini, gammafunk_ghost_grave,
          hangedman_abyss_or_decor_stabs
D:9:      layout_small_grid, orc_0_dummy, serial_glass, glass_columns_b,
          glass_columns_a, glass_columns_c, glass_columns_a, glass_columns_c,
          minmay_strange_pillars
D:10:     layout_rooms, due_lair_maze_entry_diamond, enter_bailey_2
D:11:     layout_basic, portal_ice_cave_demonic_guard, grunt_decor_cap,
          hellmonk_guarded_unrand_vitality_bloodlust, uniq_urug
Temple:   dpeg_three_leaves_temple
Lair:1:   layout_loops_ring, lemuel_fruit_fields, infiniplex_staircase_pool
Lair:2:   layout_layer_cave, elwin_shoals_entry_rocks, spider_nest_entry_a,
          serial_bayou_lagoon_b, grunt_megastairs_1
Lair:3:   layout_roguey, uniq_gastronok
Lair:4:   layout_roguey, dpeg_slime_entry_enclosed, st_stairs_13,
          nicolae_lair_lil_pond, grunt_megastairs_2
Lair:5:   guppyfry_lair_end_dragon, layout_small_grid, lemuel_fruit_fields,
          grunt_megastairs_5, uniq_josephine

Skill      XL: |  1  2  3  4  5  6  7  8  9 10 11 12 13 |
---------------+----------------------------------------+-----
Spellcasting   | 3 6 8 9 |  9.7
Necromancy     | 5 6 8 10 12 14 15 | 15.4
Fighting       | 3 4 5 |  5.0
Ice Magic      | 4 5 6 |  6.2
Armour         | 6 10 13 | 13.0
Earth Magic    | 4 5 |  5.0
Dodging        | |  1.7
Stealth        | |  1.7

Action                   |  1- 3 |  4- 6 |  7- 9 | 10-12 | 13-15 || total
-------------------------+-------+-------+-------+-------+-------++-------
Melee: Spear             |    28 |   100 |   121 |       |       ||   249
       Unarmed           |     2 |       |       |       |       ||     2
       Punch             |       |     3 |     4 |       |       ||     7
       Staff             |       |    22 |       |       |       ||    22
       Whip              |       |       |    77 |       |       ||    77
       Hand axe          |       |       |    38 |       |       ||    38
       Quarterstaff      |       |       |    70 |   450 |   191 ||   711
 Cast: Necrotise         |    36 |    97 |   114 |   132 |    12 ||   391
       Vampiric Draining |     1 |     2 |     6 |     3 |     6 ||    18
       Animate Dead      |       |     1 |     3 |     5 |     2 ||    11
       Hailstorm         |       |       |       |     2 |       ||     2
       Anguish           |       |       |       |    22 |    11 ||    33
       Borgnjor's Vile C |       |       |       |     1 |     4 ||     5
       Dispel Undead     |       |       |       |       |     3 ||     3
Evoke: Wand              |       |       |       |     3 |       ||     3
  Use: Scroll            |       |     4 |     3 |     3 |     2 ||    12
       Potion            |       |       |       |     2 |     1 ||     3
 Stab: Sleeping          |     6 |       |     1 |       |       ||     7
       Distracted        |       |       |     2 |     1 |       ||     3
Armor: Robe              |     9 |    50 |   146 |   104 |       ||   309
       Skin              |       |       |       |     9 |       ||     9
       Pearl dragon scal |       |       |       |   311 |   212 ||   523
Dodge: Dodged            |    18 |    73 |   232 |   296 |   143 ||   762
       Repelled          |       |     2 |     1 |     2 |     3 ||     8
Block: Other             |     6 |    15 |    65 |   121 |    45 ||   252

Table legend: (Time is in decaauts)
 A = Elapsed time spent in this place.
 B = Non-inter-level travel time spent in this place.
 C = Inter-level travel time spent in this place.
 D = Time resting spent in this place.
 E = Time spent auto-exploring this place.
 F = Levels seen in this place.
 G = Mean time per level.
                   A        B        C        D        E       F      G
               +--------+--------+--------+--------+--------+-----+--------+
         Total |  18469 |  18090 |    379 |   3705 |  11009 |  18 | 1026.1 |
       Dungeon |  11866 |  11579 |    287 |   1847 |   7630 |  11 | 1078.7 |
        Temple |     74 |     74 |      0 |      0 |     44 |   1 |   74.0 |
          Lair |   5344 |   5253 |     91 |    982 |   3226 |   5 | 1068.8 |
        Bailey |   1184 |   1184 |      0 |    876 |    109 |   1 | 1184.0 |
               +--------+--------+--------+--------+--------+-----+--------+

Top non-repeatable levels by time:
    D:10: 2013 daAuts
  Lair:4: 1580 daAuts
  Lair:2: 1325 daAuts
     D:4: 1278 daAuts
    D:11: 1197 daAuts
  Bailey: 1184 daAuts
     D:7: 1179 daAuts
     D:5: 1028 daAuts
     D:3: 988 daAuts
     D:8: 987 daAuts
     D:2: 872 daAuts
     D:6: 859 daAuts
  Lair:1: 853 daAuts
  Lair:5: 828 daAuts
     D:1: 777 daAuts
